SA
PROVO MANGO @ DELAWARE 1787 BC
08/01/2031
 
TOP OF THE 1ST
Provo Mango batting - Pitching for Delaware 1787 BC : RHP Ángel Gardener
Pitching: RHP Ángel Gardener
Batting: LHB Tom Haymon 0-0: Ball
1-0: Ball
2-0: Ball
3-0: Called Strike
3-1: Swinging Strike
3-2: Base on Balls
Batting: RHB Gerardo Vázquez 0-0: Ball
Tom Haymon is caught stealing 2nd base
1-0: SINGLE (Line Drive, 78S)
Batting: RHB Rocky Zolman 0-0: Called Strike
0-1: Fly out, F6 (Flyball, 6MD)
Batting: RHB Quindarious Monday 0-0: Foul Ball, location: 2F
0-1: Ball
1-1: Ball
2-1: Foul Ball, location: 2F
2-2: Strikes out looking
Top of the 1st over - 0 runs, 1 hit, 0 errors, 1 left on base; Provo 0 - Delaware 0
BOTTOM OF THE 1ST
Delaware 1787 BC batting - Pitching for Provo Mango : RHP Albert Pérez
Pitching: RHP Albert Pérez
Batting: LHB Xuan-ling Liao 0-0: Ball
1-0: Ball
2-0: Ball
3-0: Called Strike
3-1: Base on Balls
Batting: SHB Curt Pack 0-0: Grounds into double play, 6-4-3 (Groundball, 6)
Batting: LHB Bryce Abood 0-0: Ball
1-0: Foul Ball, location: 2F
1-1: Ball
2-1: Ball
3-1: Base on Balls
Batting: RHB Malcolm Campbell 0-0: Called Strike
0-1: SINGLE (Flyball, 9S)
Bryce Abood to second
Runner from 2nd tries for 3rd, SAFE, no throw
Batting: RHB Carlos Mendoza 0-0: Swinging Strike
0-1: Ball
1-1: Called Strike
1-2: Strikes out swinging
Bottom of the 1st over - 0 runs, 1 hit, 0 errors, 2 left on base; Provo 0 - Delaware 0
TOP OF THE 2ND
Provo Mango batting - Pitching for Delaware 1787 BC : RHP Ángel Gardener
Batting: RHB Alejandro Mingo 0-0: Called Strike
0-1: Foul Ball, location: 2F
0-2: Foul Ball, location: 2F
0-2: Foul Ball, location: 2F
0-2: Fly out, F5 (Popup, 5SF)
Batting: RHB Xi-ku See-to 0-0: Ball
1-0: Ball
2-0: Foul Ball, location: 2F
2-1: Foul Ball, location: 2F
2-2: DOUBLE (Line Drive, 7LM)
Batting: RHB Sun-jae Kwak 0-0: Ball
1-0: 2-RUN HOME RUN (Flyball, 7LD), Distance : 353 ft
Batting: RHB Freedon Akinmoladun 0-0: Ball
1-0: Foul Ball, location: 2F
1-1: Called Strike
1-2: Foul Ball, location: 2F
1-2: Foul Ball, location: 2F
1-2: Foul Ball, location: 2F
1-2: Foul Ball, location: 2F
1-2: Ball
2-2: Strikes out looking
Batting: LHB Matt Palmer 0-0: Fly out, F7 (Flyball, 7LMF)
Top of the 2nd over - 2 runs, 2 hits, 0 errors, 0 left on base; Provo 2 - Delaware 0
BOTTOM OF THE 2ND
Delaware 1787 BC batting - Pitching for Provo Mango : RHP Albert Pérez
Batting: RHB Kendrick Drumgoole 0-0: Called Strike
0-1: Ball
1-1: Foul Ball, location: 2F
1-2: Ball
2-2: Fly out, F8 (Flyball, 8LD)
Batting: LHB Todd Bonzalez 0-0: Swinging Strike
0-1: Ball
1-1: Ball
2-1: Swinging Strike
2-2: Ball
3-2: Foul Ball, location: 2F
3-2: Ground out 4-3 (Groundball, 4)
Batting: RHB Gerold Olthof 0-0: Called Strike
0-1: Foul Ball, location: 2F
0-2: Ball
1-2: SINGLE (Line Drive, 9S)
Batting: RHB Tobias Jimenez 0-0: Called Strike
0-1: Ball
Wild Pitch!
Gerold Olthof to second
1-1: Ball
2-1: Called Strike
2-2: Foul Ball, location: 2F
2-2: Fly out, F7 (Flyball, 7S)
Bottom of the 2nd over - 0 runs, 1 hit, 0 errors, 1 left on base; Provo 2 - Delaware 0
TOP OF THE 3RD
Provo Mango batting - Pitching for Delaware 1787 BC : RHP Ángel Gardener
Batting: LHB Tom Haymon 0-0: Ground out 4-3 (Groundball, 4)
Batting: RHB Gerardo Vázquez 0-0: Ball
1-0: Ball
2-0: Called Strike
2-1: Foul Ball, location: 2F
2-2: Ball
3-2: Foul Ball, location: 2F
3-2: Strikes out swinging
Batting: RHB Rocky Zolman 0-0: Called Strike
0-1: Ball
1-1: Foul Ball, location: 2F
1-2: Strikes out swinging
Top of the 3rd over - 0 runs, 0 hits, 0 errors, 0 left on base; Provo 2 - Delaware 0
BOTTOM OF THE 3RD
Delaware 1787 BC batting - Pitching for Provo Mango : RHP Albert Pérez
Batting: LHB Xuan-ling Liao 0-0: Ball
1-0: Swinging Strike
1-1: Ground out 5-3 (Groundball, 56)
Batting: SHB Curt Pack 0-0: Ball
1-0: Ball
2-0: Swinging Strike
2-1: Ball
3-1: Base on Balls
Batting: LHB Bryce Abood 0-0: Called Strike
0-1: Ball
1-1: Ball
2-1: Ball
3-1: Foul Ball, location: 2F
3-2: Base on Balls
Curt Pack to second
Batting: RHB Malcolm Campbell 0-0: Called Strike
0-1: Fly out, F3 (Popup, 3DF)
Batting: RHB Carlos Mendoza 0-0: Swinging Strike
0-1: Ball
1-1: Foul Ball, location: 2F
1-2: Strikes out looking
Bottom of the 3rd over - 0 runs, 0 hits, 0 errors, 2 left on base; Provo 2 - Delaware 0
TOP OF THE 4TH
Provo Mango batting - Pitching for Delaware 1787 BC : RHP Ángel Gardener
Batting: RHB Quindarious Monday 0-0: Ball
1-0: Foul Ball, location: 2F
1-1: Foul Ball, location: 2F
1-2: Strikes out swinging
Batting: RHB Alejandro Mingo 0-0: Called Strike
0-1: Foul Ball, location: 2F
0-2: Ground out 6-3 (Groundball, 6)
Batting: RHB Xi-ku See-to 0-0: Called Strike
0-1: Ball
1-1: Fly out, F7 (Flyball, 78M)
Top of the 4th over - 0 runs, 0 hits, 0 errors, 0 left on base; Provo 2 - Delaware 0
BOTTOM OF THE 4TH
Delaware 1787 BC batting - Pitching for Provo Mango : RHP Albert Pérez
Batting: RHB Kendrick Drumgoole 0-0: Ball
1-0: Swinging Strike
1-1: Foul Ball, location: 2F
1-2: Ball
2-2: Fly out, F7 (Line Drive, 7S)
Batting: LHB Todd Bonzalez 0-0: Swinging Strike
0-1: Foul Ball, location: 2F
0-2: Strikes out swinging
Batting: RHB Gerold Olthof 0-0: Ball
1-0: Foul Ball, location: 2F
1-1: Ball
2-1: SINGLE (Groundball, 4MD)
Batting: RHB Tobias Jimenez 0-0: Ball
1-0: Ball
2-0: Ball
3-0: Base on Balls
Gerold Olthof to second
Batting: LHB Xuan-ling Liao 0-0: Ball
1-0: Ball
2-0: Ball
3-0: Base on Balls
Gerold Olthof to third
Tobias Jimenez to second
Batting: SHB Curt Pack 0-0: Ball
1-0: Foul Ball, location: 2F
1-1: Ball
2-1: Ball
3-1: Ground out 4-3 (Groundball, 4)
Bottom of the 4th over - 0 runs, 1 hit, 0 errors, 3 left on base; Provo 2 - Delaware 0
TOP OF THE 5TH
Provo Mango batting - Pitching for Delaware 1787 BC : RHP Ángel Gardener
Batting: RHB Sun-jae Kwak 0-0: Ball
1-0: Called Strike
1-1: Ball
2-1: Foul Ball, location: 2F
2-2: Ball
3-2: Strikes out swinging
Batting: RHB Freedon Akinmoladun 0-0: Called Strike
0-1: Swinging Strike
0-2: Strikes out swinging
Batting: LHB Matt Palmer 0-0: Bunt for hit - play at first, batter safe!
Batting: LHB Tom Haymon 0-0: Ball
1-0: Ball
2-0: Ground out 4-3 (Groundball, 34)
Top of the 5th over - 0 runs, 1 hit, 0 errors, 1 left on base; Provo 2 - Delaware 0
BOTTOM OF THE 5TH
Delaware 1787 BC batting - Pitching for Provo Mango : RHP Albert Pérez
Batting: LHB Bryce Abood 0-0: Ball
1-0: Called Strike
1-1: Ball
2-1: SINGLE (Flyball, 9LS)
Batting: RHB Malcolm Campbell 0-0: Ball
1-0: Called Strike
1-1: Called Strike
1-2: Fly out, F7 (Flyball, 7LM)
Batting: RHB Carlos Mendoza 0-0: Called Strike
0-1: Called Strike
0-2: SINGLE (Flyball, 9S)
Bryce Abood to second
Runner from 2nd tries for 3rd, SAFE, no throw
Batting: RHB Kendrick Drumgoole 0-0: Ball
1-0: Ball
2-0: SINGLE (Groundball, 6MD)
Bryce Abood scores
Carlos Mendoza to second
Runner from 2nd tries for 3rd, SAFE, throw made to third
Batting: LHB Todd Bonzalez 0-0: Ball
1-0: Ball
2-0: Called Strike
2-1: Foul Ball, location: 2F
2-2: Ball
Kendrick Drumgoole is caught stealing 2nd base
3-2: Base on Balls
Batting: RHB Gerold Olthof 0-0: Ball
1-0: Ball
2-0: Ball
3-0: Called Strike
3-1: Foul Ball, location: 2F
3-2: Strikes out looking
Bottom of the 5th over - 1 run, 3 hits, 0 errors, 2 left on base; Provo 2 - Delaware 1
TOP OF THE 6TH
Provo Mango batting - Pitching for Delaware 1787 BC : RHP Ángel Gardener
Batting: RHB Gerardo Vázquez 0-0: Ball
1-0: Ball
2-0: Swinging Strike
2-1: Ball
3-1: Foul Ball, location: 2F
3-2: Base on Balls
Batting: RHB Rocky Zolman 0-0: Called Strike
0-1: Ball
1-1: Ball
Wild Pitch!
Gerardo Vázquez to second
2-1: Fly out, F4 (Popup, 34D)
Batting: RHB Quindarious Monday 0-0: Ball
1-0: Called Strike
1-1: Ball
2-1: Swinging Strike
2-2: Ball
3-2: Strikes out swinging
Batting: RHB Alejandro Mingo 0-0: Swinging Strike
0-1: Fly out, F7 (Flyball, 7S)
Top of the 6th over - 0 runs, 0 hits, 0 errors, 1 left on base; Provo 2 - Delaware 1
BOTTOM OF THE 6TH
Delaware 1787 BC batting - Pitching for Provo Mango : RHP Albert Pérez
Batting: RHB Tobias Jimenez 0-0: Called Strike
0-1: Fly out, F9 (Flyball, 9S)
Batting: LHB Xuan-ling Liao 0-0: Ball
1-0: Ball
2-0: Called Strike
2-1: Ball
3-1: Base on Balls
Pitching: LHP Ed Mowbray
Batting: SHB Curt Pack 0-0: Foul Ball, location: 2F
0-1: Swinging Strike
0-2: Ball
1-2: Ball
2-2: Foul Ball, location: 2F
2-2: Fly out, F8 (Flyball, 8RS)
Batting: LHB Bryce Abood 0-0: Ball
1-0: Foul Ball, location: 2F
1-1: Ball
2-1: Swinging Strike
2-2: Ball
3-2: Foul Ball, location: 2F
3-2: Foul Ball, location: 2F
3-2: 2-RUN HOME RUN (Flyball, 7D), Distance : 360 ft
Batting: RHB Malcolm Campbell 0-0: Ball
1-0: Ball
2-0: Ball
3-0: Called Strike
3-1: Ground out 5-3 (Groundball, 56S)
Bottom of the 6th over - 2 runs, 1 hit, 0 errors, 0 left on base; Provo 2 - Delaware 3
TOP OF THE 7TH
Provo Mango batting - Pitching for Delaware 1787 BC : RHP Ángel Gardener
Batting: RHB Xi-ku See-to 0-0: DOUBLE (Flyball, 8RXD)
Batting: RHB Sun-jae Kwak 0-0: Foul Ball, location: 2F
0-1: Ball
1-1: Ball
2-1: Swinging Strike
2-2: Strikes out looking
Pinch Hitting: LHB Ling Li 0-0: Called Strike
0-1: Ball
1-1: SINGLE (Groundball, 6MD)
Xi-ku See-to to third
Batting: LHB Matt Palmer 0-0: Called Strike
0-1: Swinging Strike
0-2: Ball
1-2: Ball
2-2: Foul Ball, location: 2F
2-2: Foul Ball, location: 2F
2-2: Ball
3-2: Ground out U3 (Groundball, 3L)
Ling Li to second
Batting: LHB Tom Haymon 0-0: Ball
Wild Pitch!
Xi-ku See-to scores
Ling Li to third
1-0: Ball
2-0: Foul Ball, location: 2F
2-1: Foul Ball, location: 2F
2-2: Ball
3-2: Foul Ball, location: 2F
3-2: Foul Ball, location: 2F
3-2: Fly out, F3 (Popup, 3SF)
Top of the 7th over - 1 run, 2 hits, 0 errors, 1 left on base; Provo 3 - Delaware 3
BOTTOM OF THE 7TH
Delaware 1787 BC batting - Pitching for Provo Mango : LHP Ed Mowbray
Now at 3B: Ling Li
Batting: RHB Carlos Mendoza 0-0: Ball
1-0: Called Strike
1-1: DOUBLE (Line Drive, 89D)
Pinch Runner at 2nd José Trinidad:
Pinch Hitting: RHB Elwiin Hund 0-0: Intentional Walk
Batting: LHB Todd Bonzalez 0-0: Ball
1-0: Ball
2-0: Ball
3-0: Called Strike
3-1: Called Strike
3-2: Foul Ball, location: 2F
3-2: Foul Ball, location: 2F
3-2: Foul Ball, location: 2F
3-2: Foul Ball, location: 2F
3-2: 3-RUN HOME RUN (Flyball, 7LD), Distance : 354 ft
Pitching: LHP Duaita Mallee
Batting: RHB Gerold Olthof 0-0: Called Strike
0-1: SOLO HOME RUN (Flyball, 9D), Distance : 349 ft
Batting: RHB Tobias Jimenez 0-0: Called Strike
0-1: Fly out, F8 (Flyball, 8RD)
Batting: LHB Xuan-ling Liao 0-0: Called Strike
0-1: Ball
1-1: Fly out, F8 (Flyball, 89D)
Batting: SHB Curt Pack 0-0: Called Strike
0-1: Swinging Strike
0-2: Strikes out looking
Bottom of the 7th over - 4 runs, 3 hits, 0 errors, 0 left on base; Provo 3 - Delaware 7
TOP OF THE 8TH
Provo Mango batting - Pitching for Delaware 1787 BC : RHP Ángel Gardener
Pitching: RHP Matt O'Keevan
Now at 3B: José Trinidad
Now in LF: Senichi Ito
Batting: RHB Gerardo Vázquez 0-0: Swinging Strike
0-1: Ball
1-1: Ball
2-1: Called Strike
2-2: Foul Ball, location: 2F
2-2: Ball
3-2: Strikes out swinging
Batting: RHB Rocky Zolman 0-0: Called Strike
0-1: Ball
1-1: Ball
2-1: Ball
3-1: Base on Balls
Batting: RHB Quindarious Monday 0-0: Ball
1-0: Ball
2-0: Called Strike
2-1: Ball
3-1: Swinging Strike
3-2: Foul Ball, location: 2F
3-2: Foul Ball, location: 2F
3-2: Strikes out swinging
Rocky Zolman steals 2nd base
Batter strikes out.
Batting: RHB Alejandro Mingo 0-0: Ball
1-0: Ball
2-0: Ball
3-0: Called Strike
3-1: Foul Ball, location: 2F
3-2: DOUBLE (Line Drive, 78XD)
Rocky Zolman scores
Batting: RHB Xi-ku See-to 0-0: Ball
1-0: Ground out 5-3 (Groundball, 56)
Top of the 8th over - 1 run, 1 hit, 0 errors, 1 left on base; Provo 4 - Delaware 7
BOTTOM OF THE 8TH
Delaware 1787 BC batting - Pitching for Provo Mango : LHP Duaita Mallee
Batting: LHB Bryce Abood 0-0: Ball
1-0: Foul Ball, location: 2F
1-1: Foul Ball, location: 2F
1-2: Foul Ball, location: 2F
1-2: Ball
2-2: Ball
3-2: DOUBLE (Line Drive, 7LS)
Batting: RHB Malcolm Campbell 0-0: Intentional Walk
Batting: SHB José Trinidad 0-0: Foul Ball, location: 2F
0-1: Ball
1-1: Ball
2-1: Fly out, F9 (Flyball, 9)
Batting: LHB Senichi Ito 0-0: Ball
1-0: Ball
2-0: Fly out, F9 (Flyball, 9S)
Batting: LHB Todd Bonzalez 0-0: Ball
Wild Pitch!
Bryce Abood to third
Malcolm Campbell to second
1-0: Called Strike
1-1: Ball
2-1: Called Strike
2-2: Strikes out swinging
Bottom of the 8th over - 0 runs, 1 hit, 0 errors, 2 left on base; Provo 4 - Delaware 7
TOP OF THE 9TH
Provo Mango batting - Pitching for Delaware 1787 BC : RHP Matt O'Keevan
Pitching: RHP Amando Codes
Batting: RHB Sun-jae Kwak 0-0: Ball
1-0: Called Strike
1-1: Called Strike
1-2: Strikes out swinging
Batting: LHB Ling Li 0-0: Called Strike
0-1: Ball
1-1: Foul Ball, location: 2F
1-2: SINGLE (Flyball, 78S)
Batting: LHB Matt Palmer 0-0: Called Strike
0-1: Swinging Strike
0-2: Foul Ball, location: 2F
0-2: Strikes out swinging
Batting: LHB Tom Haymon 0-0: Called Strike
0-1: Ball
1-1: Ball
2-1: Foul Ball, location: 2F
2-2: Ball
3-2: Foul Ball, location: 2F
3-2: Foul Ball, location: 2F
3-2: Base on Balls
Ling Li to second
Batting: RHB Gerardo Vázquez 0-0: Ball
1-0: Called Strike
1-1: SINGLE (Flyball, 7S)
Ling Li to third
Tom Haymon to second
Pinch Hitting: SHB Joam Francia 0-0: Ball
1-0: Fly out, F7 (Flyball, 7LM)
Top of the 9th over - 0 runs, 2 hits, 0 errors, 3 left on base; Provo 4 - Delaware 7
Tuesday, June 12th, 2018 - OOTP Baseball 18.8 Build 76